 Dungeon Crawl Stone Soup version 0.29-a0-555-g3b24f45cc1 (webtiles) character file.

Game seed: 15062353625229807221

395 Lancel07 the Slasher (level 6, 0/47 HPs)
             Began as a Demonspawn Gladiator on June 8, 2022.
             Slain by an orc wizard
             ... wielding a +0 dagger
              (2 damage)
             ... on level 4 of the Dungeon.
             The game lasted 00:05:31 (4484 turns).

Lancel07 the Slasher (Demonspawn Gladiator)         Turns: 4484, Time: 00:05:31

Health: 0/47       AC:  6    Str: 14    XL:     6   Next: 52%
Magic:  6/6        EV: 12    Int: 13    God:
Gold:   223        SH:  0    Dex: 17    Spells: 5/5 levels left

rFire   . . .      SeeInvis .   a - +0 long sword
rCold   + . .      Faith    .   (no shield)
rNeg    . . .      Spirit   .   h - +0 ring mail
rPois   .          Reflect  .   c - +0 helmet
rElec   .          Harm     .   (no cloak)
rCorr   .          Rampage  .   (no gloves)
Will    .....                   (no boots)
Stlth   +.........              (no amulet)
HPRegen 0.15/turn               u - ring of protection from cold
MPRegen 0.10/turn               (no ring)

@: attractive
A: foul stench 1, big brain 2, condensation shield
a: no special abilities


You were on level 4 of the Dungeon.
You visited 1 branch of the dungeon, and saw 4 of its levels.

You collected 223 gold pieces.

Inventory:

Hand Weapons
 a - a +0 long sword (weapon)
Missiles
 d - 3 throwing nets (quivered)
 e - a javelin
Armour
 b - a +0 leather armour
 c - a +0 helmet (worn)
 h - a +0 ring mail (worn)
Jewellery
 u - a ring of protection from cold (left hand)
Scrolls
 f - a scroll of fog {unknown}
 i - a scroll of amnesia {unknown}
 j - 6 scrolls of identify {unknown}
 l - a scroll of enchant weapon {unknown}
 m - 3 scrolls of summoning {unknown}
 n - a scroll of teleportation {unknown}
 o - 2 scrolls of vulnerability {unknown}
 t - a scroll of poison {unknown}
 w - a scroll of enchant armour {unknown}
 x - a scroll of silence {unknown}
Potions
 g - a potion of magic {unknown}
 k - a potion of haste {unknown}
 p - a potion of attraction
 q - a potion of invisibility {unknown}
 r - a potion of lignification {unknown}
 s - a potion of flight {unknown}
 v - a potion of ambrosia {unknown}


   Skills:
 + Level 3.0 Fighting
 + Level 4.5 Long Blades
 - Level 1.7 Throwing
 + Level 3.0 Armour
 + Level 3.8 Dodging
 + Level 1.0 Shields


You had 5 spell levels left.
You didn't know any spells.
Your spell library contained the following spells:

 Spells                   Type           Power      Damage    Failure   Level
 Sublimation of Blood     Necr           0%         N/A       67%         2
 Petrify                  Tmut/Erth      0%         N/A       99%         4
 Irradiate                Conj/Tmut      0%         3d13      100%        5
 Summon Forest            Summ/Tloc      0%         N/A       100%        5
 Summon Mana Viper        Hex/Summ       0%         N/A       100%        5
 Summon Cactus Giant      Summ           0%         N/A       100%        6


Dungeon Overview and Level Annotations

Branches:
Dungeon (4/15)
 Temple: D:4-7

Altars:
Sif Muna


Innate Abilities, Weirdness & Mutations

You may rarely emit foul miasma when damaged in melee.
You have an extremely huge brain. (Int +4)
A meltable shield of frost defends you. (SH +0)


Message History

The orc burns you.
The orc priest hits you but does no damage.
The orc barely misses you.
The orc wizard gestures wildly while chanting.
The orc wizard flickers and vanishes!
Deactivating autopickup; reactivate with Ctrl-A.
You barely miss the orc priest. The orc barely misses you.
The orc hits you with a +0 mace. The orc wizard casts a spell at you.
The puff of flame hits you!
The orc priest hits you but does no damage.
The orc priest barely misses you. The orc barely misses you.
There are monsters nearby!
You are too injured to fight recklessly!
There are monsters nearby!
You are too injured to fight recklessly!
There are monsters nearby!
You are too injured to fight recklessly!
Unknown command.
You are too injured to fight recklessly!
There are monsters nearby!
You are too injured to fight recklessly!
You are too injured to fight recklessly!
There are monsters nearby!
There are monsters nearby!
It was a potion of attraction.
You feel attractive to monsters. The orc hits you with a +0 mace.
* * * LOW HITPOINT WARNING * * *
The orc wizard misses you. Something hits you.
* * * LOW HITPOINT WARNING * * *
The orc priest invokes the aid of Beogh against you.
Beogh smites you!
* * * LOW HITPOINT WARNING * * *
Unknown command.
You hit the orc.
The orc is severely wounded.
The orc hits you but does no damage. The orc priest closely misses you.
The orc barely misses you. Something hits you.
You die...

.## ###.# ....###..
#.....# .# .##..#...
### ####.##.##......
....#####o......
#.#.##. ###.)..
..##..# #..#.##.
......o##.#...#
#....#..
#....@o.....###.####..
......oo#.#......#
#...
##...$......†....#
#...
#.........<†.....#
#...
##...............#
#... ##.....##......##
#... ##!..###....#†#
#... ....#
#....#.#####... ....
#..............


You could see an orc priest, an orc wizard and 2 orcs.

Vanquished Creatures
  A black bear (D:4)
  A necrophage (D:4)
  A howler monkey (D:4)
  A hound (D:4)
  Jessica (D:3)
  Robin (D:3)
  6 adders
  2 worms (D:2)
  A dart slug (D:2)
  An orc (D:4)
  7 ball pythons
  8 endoplasms
  3 giant cockroaches
  5 hobgoblins
  7 jackals
  4 kobolds
  3 quokkas
  14 bats
  2 frilled lizards (D:1)
  10 goblins
  5 rats
84 creatures vanquished.

Notes
Turn   | Place    | Note
-------+----------+-------------------------------------------
     0 | D:1      | Lancel07 the Demonspawn Gladiator began the quest for the
                  | Orb.
     0 | D:1      | Reached XP level 1. HP: 16/16 MP: 1/1
    18 | D:1      | Found a faded altar of an unknown god.
    22 | D:1      | Prayed at the altar of an unknown god.
    22 | D:1      | Became a worshipper of Sif Muna the Loreminder
    22 | D:1      | Reached * piety under Sif Muna
    23 | D:1      | Fell from the grace of Sif Muna
   332 | D:1      | Gained mutation: You have an unusually large brain. (Int
                  | +2) [demonic ancestry]
   332 | D:1      | Reached XP level 2. HP: 21/22 MP: 2/2
   481 | D:1      | Reached skill level 3 in Long Blades
  1031 | D:2      | Reached skill level 1 in Armour
  1031 | D:2      | Reached XP level 3. HP: 15/27 MP: 3/3
  2342 | D:3      | Noticed Jessica
  2350 | D:3      | Killed Jessica
  2351 | D:3      | Gained mutation: You may rarely emit foul miasma when
                  | damaged in melee. [demonic ancestry]
  2351 | D:3      | Reached XP level 4. HP: 23/34 MP: 4/4
  3060 | D:3      | Noticed Robin
  3079 | D:3      | Killed Robin
  3295 | D:3      | Gained mutation: A meltable shield of frost defends you.
                  | (SH +0) [demonic ancestry]
  3295 | D:3      | Reached XP level 5. HP: 39/39 MP: 5/5
  3508 | D:4      | Reached skill level 4 in Long Blades
  4178 | D:4      | Noticed a black bear
  4184 | D:4      | Killed a black bear
  4185 | D:4      | Gained mutation: You have an extremely huge brain. (Int +4)
                  | [demonic ancestry]
  4185 | D:4      | Reached XP level 6. HP: 41/46 MP: 6/6
  4278 | D:4      | Reached skill level 1 in Shields
  4483 | D:4      | HP: 1/47 [orc priest/divine providence (10)]
  4484 | D:4      | Slain by an orc wizard

Illustrated notes

Levels and vault maps discovered:
D:1:      amcnicky_arrival_single_pillar, layout_rooms, serial_aquarium,
          aquarium_bridge_square [aquarium_subvault_bridge,
          aquarium_subvault_window, aquarium_subvault_bridge,
          aquarium_subvault_bridge], aquarium_bridge_island_small
          [aquarium_subvault_small_open, aquarium_subvault_window,
          aquarium_subvault_bridge, aquarium_subvault_bridge,
          aquarium_subvault_bridge], aquarium_window_2,
          aquarium_window_corridor_2, aquarium_window_corner, aquarium_view_2b,
          aquarium_pool_2, basic_ecumenical_altar, minmay_pentomino_w4
D:2:      layout_basic
D:3:      layout_loops_corners, uniq_jessica, uniq_robin
D:4:      layout_loops_cross, enter_ossuary_4

Skill      XL: |  1  2  3  4  5  6 |
---------------+-------------------+-----
Long Blades    | 3 4 |  4.5
Dodging        | 3 |  3.8
Armour         | 1 2 3 |  3.0
Shields        | 1 |  1.0
Fighting       | 3 |  3.0
Throwing       | |  1.7

Action                   |  1- 3 |  4- 6 || total
-------------------------+-------+-------++-------
Melee: Long sword        |   139 |   155 ||   294
       Punch             |     1 |       ||     1
Invok: Renounce Religion |     1 |       ||     1
  Use: Scroll            |     1 |       ||     1
       Potion            |       |     2 ||     2
Armor: Leather armour    |     8 |       ||     8
       Ring mail         |    94 |    95 ||   189
Dodge: Dodged            |   129 |   144 ||   273
Block: Other             |       |    32 ||    32

Table legend: (Time is in decaauts)
 A = Elapsed time spent in this place.
 B = Non-inter-level travel time spent in this place.
 C = Inter-level travel time spent in this place.
 D = Time resting spent in this place.
 E = Time spent auto-exploring this place.
 F = Levels seen in this place.
 G = Mean time per level.
                   A        B        C        D        E       F      G
               +--------+--------+--------+--------+--------+-----+--------+
         Total |   4547 |   4547 |      0 |      0 |   3787 |   4 | 1136.8 |
       Dungeon |   4547 |   4547 |      0 |      0 |   3787 |   4 | 1136.8 |
               +--------+--------+--------+--------+--------+-----+--------+

Top non-repeatable levels by time:
     D:3: 1453 daAuts
     D:2: 1132 daAuts
     D:4: 1002 daAuts
     D:1: 959 daAuts
